 Dungeon Crawl Stone Soup version 0.19-a0-157-gbc558dc (webtiles) character file.

86 wvc the Insei (level 4, -2/35 HPs)
             Began as a Mummy Monk on May 20, 2016.
             Was a Believer of Trog.
             Slain by a worm (11 damage)
             ... on level 2 of the Dungeon.
             The game lasted 00:04:24 (1986 turns).

wvc the Insei (Mummy Monk)                          Turns: 1986, Time: 00:04:24

Health: -2/35      AC:  3    Str: 14    XL:     4   Next: 27%
Magic:  4/4        EV: 13    Int:  9    God:    Trog [**....]
Gold:   83         SH:  0    Dex: 15    Spells: 0 memorised, 3 levels left

rFire  x . .     SeeInvis .     e - +1 dagger (vamp)
rCold  + . .     Gourm    .     a - +0 robe
rNeg   + + +     Faith    .     (no shield)
rPois  ∞         Spirit   .     (no helmet)
rElec  .         Dismiss  .     (no cloak)
rCorr  .         Reflect  .     (no gloves)
SustAt .         Harm     .     (no boots)
MR     .....                    (no amulet)
Stlth  ++........               (no ring)
                                h - +1 ring of protection

@: not resistant to hostile enchantments, unstealthy
A: no food or potions, fire vulnerability, cold resistance 1, negative energy
resistance 3, torment resistance, unbreathing
a: Trog's Hand, Burn Spellbooks, Renounce Religion


You were on level 2 of the Dungeon.
You worshipped Trog.
Trog was pleased with you.
You were not hungry.

You visited 1 branch of the dungeon, and saw 2 of its levels.

You collected 83 gold pieces.

Inventory:

Hand Weapons
 e - a +1 vampiric dagger (weapon)
Missiles
 b - 62 stones (quivered)
Armour
 a - a +0 robe (worn)
Jewellery
 h - a +1 ring of protection (left hand)
Scrolls
 c - 2 scrolls of identify {unknown}
 d - 2 scrolls of fear {unknown}
 f - 3 scrolls of fog {unknown}
 g - a scroll of immolation {unknown}
 i - a scroll of random uselessness {unknown}


   Skills:
 - Level 3.0 Fighting
 * Level 2.2 Short Blades
 - Level 2.4 Dodging
 - Level 1.5 Stealth
 - Level 4.0 Unarmed Combat


You had 3 spell levels left.
You didn't know any spells.

Dungeon Overview and Level Annotations

Branches:
Dungeon (2/15)

Altars:
Ru
Trog


Innate Abilities, Weirdness & Mutations

You do not eat or drink.
Your flesh is vulnerable to fire.
You are immune to poison.
Your flesh is cold resistant.
You are immune to negative energy.
You are immune to unholy pain and torment.
You can survive without breathing.


Message History

Trog accepts your kill.
You closely miss the giant newt.
The giant newt bites you but does no damage.
You miss the giant newt. The giant newt closely misses you.
You hit the giant newt.
You kill the giant newt!
Trog accepts your kill.
You see here a giant newt corpse.
The worm closely misses you.
You barely miss the worm. You hit the worm.
The worm is lightly wounded.
The worm bites you.
* * * LOW HITPOINT WARNING * * *
You hit the worm.
You feel better.
The worm is lightly wounded.
You hit the worm.
The worm is moderately wounded.
The worm bites you!
You die...

##.##.###..#####
#.##............
#.###..#.####### .# #....#####..
#..........# #....#####
###.##.....# #...##.....########
#...........w@†...#
#..........######.######.#
#######...##########........#
......#............#.≈##########
..#...###......!....≈........≈≈#
.#.#..# #............≈.≈.≈.≈._≈#
#.#)#.# #..........#≈........≈≈#
.#.#..# #...<.†......≈##########
..#...# #............##


You could see a worm.

Vanquished Creatures
  Ijyb (D:2)
  An adder (D:2)
  3 dart slugs
  3 giant geckos
  5 bats
  A giant cockroach (D:1)
  7 goblins
  4 hobgoblins (D:1)
  3 jackals (D:2)
  2 ball pythons (D:1)
  2 giant newts (D:2)
  4 kobolds
  6 rats
42 creatures vanquished.

Notes
Turn   | Place    | Note
--------------------------------------------------------------
     0 | D:1      | wvc the Mummy Monk began the quest for the Orb.
     0 | D:1      | Reached XP level 1. HP: 18/18 MP: 1/1
   448 | D:1      | Reached XP level 2. HP: 19/24 MP: 2/2
  1080 | D:1      | Reached skill level 4 in Unarmed Combat
  1181 | D:1      | Reached XP level 3. HP: 29/29 MP: 3/3
  1426 | D:2      | Reached skill level 1 in Short Blades
  1499 | D:2      | HP: 1/29 [bat (1)]
  1839 | D:2      | Found a faded altar to an unknown god.
  1852 | D:2      | Became a worshipper of Trog the Wrathful
  1852 | D:2      | Reached * piety under Trog
  1852 | D:2      | Reached ** piety under Trog
  1862 | D:2      | Noticed Ijyb
  1879 | D:2      | Killed Ijyb
  1879 | D:2      | Reached XP level 4. HP: 15/35 MP: 4/4
  1906 | D:2      | Found a sacrificial altar of Ru.
  1986 | D:2      | Slain by a worm

Vault maps used:
D:1:      dpeg_arrival_arbitrary_a, st_stairs_6
D:2:      nicolae_ru_path_of_blood, ecumenical_altar_2, first_bread,
          kennysheep_generic_room_10, uniq_iyjb

Skill      XL: |  1  2  3 |
---------------+----------+-----
Unarmed Combat | 4 |  4.0
Short Blades   | 2 |  2.2
Fighting       | |  3.0
Dodging        | |  2.4
Stealth        | |  1.5

Action                   |  1- 3 |  4- 6 || total
-------------------------+-------+-------++-------
Melee: Unarmed           |   143 |       ||   143
       Punch             |     1 |       ||     1
       Dagger            |       |    18 ||    18
 Stab: Sleeping          |     5 |       ||     5
Armor: Robe              |    27 |     3 ||    30
Dodge: Dodged            |   102 |    11 ||   113
